WCHLSIM.com - West Coast Hockey League
html PUBLIC "-//W3C//DTD XHTML 1.0 Transitional//EN" "http://www.w3.org/TR/xhtml1/DTD/xhtml1-transitional.dtd"> WCHL - Game 89 - KANSAS CITY KILLERBEES vs PHOENIX MUSTANGS

KANSAS CITY KILLERBEES vs PHOENIX MUSTANGS

Created - 25 octobre 2023 at 21:41

Goals
1 2 3 OT1 T
KANSAS CITY KILLERBEES 0 1 0 1 2
PHOENIX MUSTANGS 1 0 0 0 1
Shots
1 2 3 OT1 T
KANSAS CITY KILLERBEES 2 5 6 1 14
PHOENIX MUSTANGS 12 13 11 1 37

1st period

1. PHOENIX MUSTANGS , Brad Marchand 2 (Mark Scheifele 4, Jeff Petry 2) at 11:35 (PP)

Penalties :
Nicolas Aube-Kubel (KCK) for Tripping (Minor) at 2:04, Joel Armia (PHX) for Hooking (Minor) at 7:52, Alexis Lafreniere (KCK) for Hooking (Minor) at 11:09

2nd period

2. KANSAS CITY KILLERBEES , Philipp Kurashev 2 (Nicholas Paul 1, Ilya Samsonov) at 11:45 (PP)

Penalties :
Nic Dowd (PHX) for Interference (Minor) at 10:07, Alexis Lafreniere (KCK) for Butt-ending (Major / Game Misconduct) at 12:49

3rd period

No Goal

Penalties :
Philipp Kurashev (KCK) for Hooking (Minor) at 5:55, Jacob Muzzin (KCK) for Roughing (Minor) at 16:47, Jacob Muzzin (KCK) for Holding (Minor) at 19:23

Overtime #1

3. KANSAS CITY KILLERBEES , Boone Jenner 3 (Nicholas Paul 2, Mattias Ekholm 3) at 3:09

Penalties :
No Penalty

Goalie Stats

Ilya Samsonov (KCK), 36 saves from 37 shots - (0,973), W, 2-4-0, 63:10 minutes
Petr Mrazek (PHX), 12 saves from 14 shots - (0,857), OTL, 1-0-1, 63:10 minutes

Players Stats for KANSAS CITY KILLERBEES

Player Name              G  A  P  +/- PIM S  H  SB GA TA FO     MP     PP MP  PK MP  
------------------------------------------------------------------------------------
Alexis Lafreniere        0  0  0   0  17  0  2  0  0  0  0/0     8:22   1:50   0:00 
Anders Bjork             0  0  0   0  0   0  0  0  0  0  0/1    10:53   0:00   0:40 
Boone Jenner             1  0  1   1  0   4  0  0  0  0  14/28  25:17   1:50   8:40 
Daniel Walcott           0  0  0   0  0   0  1  0  0  0  0/0    16:11   0:00   2:11 
Jacob Muzzin             0  0  0   0  4   0  4  3  0  0  0/0    20:58   1:47   5:12 
Jakub Voracek            0  0  0   0  0   0  0  0  0  0  2/3    13:25   1:47   0:00 
James van Riemsdyk       0  0  0   0  0   2  0  1  0  0  3/11   21:45   1:50   4:41 
Jaret Anderson-Dolan     0  0  0   0  0   0  0  0  0  0  3/6     7:55   0:00   0:00 
K'Andre Miller           0  0  0   0  0   2  3  0  0  0  0/0    25:31   1:50   5:58 
Mattias Ekholm           0  1  1   1  0   0  0  0  0  0  0/0    25:55   1:50   5:42 
Morgan Barron            0  0  0   0  0   0  0  0  0  0  3/12   10:45   0:00   0:00 
Nicholas Paul            0  2  2   1  0   2  1  1  0  0  1/2    20:17   1:47   4:19 
Nicolas Aube-Kubel       0  0  0   0  2   0  0  0  0  0  0/0     7:54   0:00   0:00 
Philipp Kurashev         1  0  1   0  2   3  0  1  0  0  1/2    21:58   1:47   6:05 
Riley Stillman           0  0  0   0  0   0  1  3  0  0  0/0    14:09   0:00   1:16 
Sean Walker              0  0  0   0  0   0  1  4  0  0  0/0    22:54   1:47   6:23 
Tyler Johnson            0  0  0   0  0   1  0  1  0  0  4/12   13:31   0:00   0:00 
Zach Aston-Reese         0  0  0   0  0   0  2  0  0  0  0/0     9:46   0:00   0:54 

Players Stats for PHOENIX MUSTANGS

Player Name              G  A  P  +/- PIM S  H  SB GA TA FO     MP     PP MP  PK MP  
------------------------------------------------------------------------------------
Alex Barre-Boulet        0  0  0   0  0   1  0  0  0  0  0/0     3:50   0:00   0:00 
Alex Killorn             0  0  0   0  0   4  0  0  0  0  0/0    19:05   5:07   0:00 
Andrew Copp              0  0  0   0  0   1  0  0  0  0  2/6    13:49   0:00   1:39 
Brad Marchand            1  0  1   0  0   4  0  0  0  0  1/3    22:04   6:51   0:00 
Damon Severson           0  0  0   0  0   1  0  0  0  0  0/0    21:10   4:54   0:00 
Erik Karlsson            0  0  0  -1  0   5  0  0  0  0  0/0    28:08   7:04   1:44 
Ilya Lyubushkin          0  0  0   0  0   1  1  0  0  0  0/0    18:46   4:54   1:53 
Jeff Petry               0  1  1   0  0   2  1  1  0  0  0/0    27:12   7:04   1:53 
Jesper Fast              0  0  0   0  0   2  0  0  0  0  1/1    14:18   0:00   2:08 
Joel Armia               0  0  0   0  2   0  0  0  0  0  0/0     4:33   0:00   0:44 
Joel Edmundson           0  0  0   0  0   0  0  1  0  0  0/0    11:47   0:00   0:00 
Jonathan Miller          0  0  0   0  0   4  1  1  0  0  18/27  22:02   5:07   1:58 
Jordan Eberle            0  0  0   0  0   3  0  0  0  0  0/0    19:34   5:07   0:00 
Kyle Connor              0  0  0  -1  0   1  3  0  0  0  0/1    23:13   6:51   0:00 
Mark Scheifele           0  1  1  -1  0   6  0  0  0  0  13/21  23:13   6:51   0:00 
Nic Dowd                 0  0  0   0  2   1  1  0  0  0  9/13   13:10   0:00   0:45 
Radko Gudas              0  0  0   0  0   0  2  0  0  0  0/0    17:30   0:00   1:44 
Tyson Jost               0  0  0   0  0   1  0  0  0  0  2/5     3:50   0:00   0:00 

3 Stars

1 - Ilya Samsonov (KCK)
2 - Nicholas Paul (KCK)
3 - Boone Jenner (KCK)

Power Play

KANSAS CITY KILLERBEES - 1 on 2 Attempt(s) - 50,00%
PHOENIX MUSTANGS - 1 on 6 Attempt(s) - 16,67%

Penalty Kill

KANSAS CITY KILLERBEES - 5 on 6 Attempt(s) - 83,33% - Score 0 goal in Penalty Kill
PHOENIX MUSTANGS - 1 on 2 Attempt(s) - 50,00% - Score 0 goal in Penalty Kill

Team Stat

KANSAS CITY KILLERBEES - Hits : 15 - Faceoff Wins : 31 - Blocked Shots : 14 - Penalty Minutes : 25
PHOENIX MUSTANGS - Hits : 9 - Faceoff Wins : 46 - Blocked Shots : 3 - Penalty Minutes : 4

Official

Referees : Shaun Davis and Terry Koharski
Linesman : Libor Suchanek and Derek Wahl

Game Notes

Alexis Lafreniere (KCK) for Butt-ending (Major / Game Misconduct) at 12:49
Alexis Lafreniere ejected from game at 12:49 of 2nd period

Finance

Level 1 -- Attendance: 5857 (90,11%) -- Ticket Income 1 024 975 $
Level 2 -- Attendance: 5150 (88,03%) -- Ticket Income 566 500 $
Level 3 -- Attendance: 2080 (69,33%) -- Ticket Income 208 000 $
Level 4 -- Attendance: 3508 (87,70%) -- Ticket Income 263 100 $
Luxury Box -- Attendance: 806 (80,60%) -- Ticket Income 282 100 $
Game was played at the Mustangs Palace.
Total Attendance: 17401 (85,51%)
Total Ticket Income: 2 344 675 $
Other Expense: 23 447 $
Total Income: 2 321 228 $

KANSAS CITY KILLERBEES

5 vs 5 Forward 
   Center                   Left Wing                Right Wing               Time % Phy DF OF 
 1 Boone Jenner             James van Riemsdyk       Philipp Kurashev         36     1   2  2  
 2 Tyler Johnson            Nicholas Paul            Alexis Lafreniere        31     1   2  2  
 3 Morgan Barron            Zach Aston-Reese         Jakub Voracek            23     1   2  2  
 4 Jaret Anderson-Dolan     Anders Bjork             Nicolas Aube-Kubel       10     1   2  2  

5 vs 5 Defense 
   Defense                  Defense                                           Time % Phy DF OF 
 1 Mattias Ekholm           K'Andre Miller                                    36     1   2  2  
 2 Sean Walker              Jacob Muzzin                                      34     1   2  2  
 3 Riley Stillman           Daniel Walcott                                    22     1   2  2  
 4 Mattias Ekholm           K'Andre Miller                                    8      1   2  2  

PowerPlay Forward 
   Center                   Left Wing                Right Wing               Time % Phy DF OF 
 1 Boone Jenner             James van Riemsdyk       Alexis Lafreniere        55     1   2  2  
 2 Jakub Voracek            Nicholas Paul            Philipp Kurashev         45     1   2  2  

PowerPlay Defense
   Defense                  Defense                                           Time % Phy DF OF 
 1 Mattias Ekholm           K'Andre Miller                                    55     1   2  2  
 2 Sean Walker              Jacob Muzzin                                      45     1   2  2  

Penalty Kill 4 Players Forward 
   Center                   Wing                     Time % Phy DF OF 
 1 Boone Jenner             Philipp Kurashev         55     1   2  2  
 2 James van Riemsdyk       Nicholas Paul            45     1   2  2  

Penalty Kill 4 Players Defense
   Defense                  Defense                  Time % Phy DF OF 
 1 Mattias Ekholm           K'Andre Miller           55     1   2  2  
 2 Sean Walker              Jacob Muzzin             45     1   2  2  

Penalty Kill - 3 Players Forward 
   Forward                                           Time % Phy DF OF 
 1 Boone Jenner                                      55     1   2  2  
 2 James van Riemsdyk                                45     1   2  2  

Penalty Kill - 3 Players Defense
   Defense                  Defense                  Time % Phy DF OF 
 1 Mattias Ekholm           K'Andre Miller           55     1   2  2  
 2 Sean Walker              Jacob Muzzin             45     1   2  2  

4 vs 4 Forward 
   Center                   Wing                     Time % Phy DF OF 
 1 Boone Jenner             Philipp Kurashev         55     1   2  2  
 2 James van Riemsdyk       Nicholas Paul            45     1   2  2  

4 vs 4 Defense
   Defense                  Defense                  Time % Phy DF OF 
 1 Mattias Ekholm           K'Andre Miller           55     1   2  2  
 2 Sean Walker              Jacob Muzzin             45     1   2  2  

Last Minutes Offensive
   Center                   Left Wing                Right Wing               Defense                  Defense                  
   Boone Jenner             James van Riemsdyk       Nicholas Paul            Alexis Lafreniere        K'Andre Miller           

Last Minutes Defensive
   Center                   Left Wing                Right Wing               Defense                  Defense                  
   Boone Jenner             James van Riemsdyk       Philipp Kurashev         Mattias Ekholm           K'Andre Miller           

Goaltenders
Starting : Ilya Samsonov            
Backup : Cal Petersen             

Extra Forwards
Normal : Jakub Voracek, Morgan Barron, Zach Aston-Reese - PP : Jakub Voracek, Morgan Barron - PK : Zach Aston-Reese
Extra Defensemen
Normal : Riley Stillman, Daniel Walcott, Sean Walker - PP : Riley Stillman - PK : Daniel Walcott, Sean Walker
Penalty Shots
Boone Jenner, Alexis Lafreniere, James van Riemsdyk, Nicholas Paul, Philipp Kurashev
Custom OT Lines Forwards
Boone Jenner, Daniel Walcott, James van Riemsdyk, Nicholas Paul, Philipp Kurashev, Alexis Lafreniere, Jakub Voracek, Morgan Barron, Zach Aston-Reese, Jaret Anderson-Dolan
Custom OT Lines Defensemen
Mattias Ekholm, K'Andre Miller, Sean Walker, Jacob Muzzin, Riley Stillman

Scratches
None

PHOENIX MUSTANGS

5 vs 5 Forward 
   Center                   Left Wing                Right Wing               Time % Phy DF OF 
 1 Mark Scheifele           Kyle Connor              Jordan Eberle            33     0   2  3  
 2 Jonathan Miller          Alex Killorn             Brad Marchand            32     0   2  3  
 3 Nic Dowd                 Andrew Copp              Jesper Fast              25     0   3  2  
 4 Tyson Jost               Joel Armia               Alex Barre-Boulet        10     0   3  2  

5 vs 5 Defense 
   Defense                  Defense                                           Time % Phy DF OF 
 1 Erik Karlsson            Jeff Petry                                        42     0   3  2  
 2 Damon Severson           Radko Gudas                                       35     0   3  2  
 3 Ilya Lyubushkin          Joel Edmundson                                    23     0   3  2  
 4 Erik Karlsson            Jeff Petry                                        0      0   3  2  

PowerPlay Forward 
   Center                   Left Wing                Right Wing               Time % Phy DF OF 
 1 Mark Scheifele           Kyle Connor              Brad Marchand            55     0   1  4  
 2 Jonathan Miller          Alex Killorn             Jordan Eberle            45     0   1  4  

PowerPlay Defense
   Defense                  Defense                                           Time % Phy DF OF 
 1 Erik Karlsson            Jeff Petry                                        65     0   1  4  
 2 Ilya Lyubushkin          Damon Severson                                    35     0   1  4  

Penalty Kill 4 Players Forward 
   Center                   Wing                     Time % Phy DF OF 
 1 Jonathan Miller          Joel Armia               50     1   2  2  
 2 Andrew Copp              Nic Dowd                 50     1   2  2  

Penalty Kill 4 Players Defense
   Defense                  Defense                  Time % Phy DF OF 
 1 Radko Gudas              Erik Karlsson            55     1   2  2  
 2 Jeff Petry               Ilya Lyubushkin          45     1   2  2  

Penalty Kill - 3 Players Forward 
   Forward                                           Time % Phy DF OF 
 1 Nic Dowd                                          60     0   4  1  
 2 Andrew Copp                                       40     0   4  1  

Penalty Kill - 3 Players Defense
   Defense                  Defense                  Time % Phy DF OF 
 1 Erik Karlsson            Radko Gudas              50     0   4  1  
 2 Jeff Petry               Damon Severson           50     0   4  1  

4 vs 4 Forward 
   Center                   Wing                     Time % Phy DF OF 
 1 Mark Scheifele           Kyle Connor              50     0   2  3  
 2 Nic Dowd                 Brad Marchand            50     0   2  3  

4 vs 4 Defense
   Defense                  Defense                  Time % Phy DF OF 
 1 Erik Karlsson            Jeff Petry               50     0   2  3  
 2 Radko Gudas              Damon Severson           50     0   2  3  

Last Minutes Offensive
   Center                   Left Wing                Right Wing               Defense                  Defense                  
   Jonathan Miller          Kyle Connor              Brad Marchand            Erik Karlsson            Jeff Petry               

Last Minutes Defensive
   Center                   Left Wing                Right Wing               Defense                  Defense                  
   Andrew Copp              Jonathan Miller          Nic Dowd                 Radko Gudas              Erik Karlsson            

Goaltenders
Starting : Petr Mrazek              
Backup : Antti Raanta             

Extra Forwards
Normal : Jonathan Miller, Brad Marchand, Mark Scheifele - PP : Jordan Eberle, Kyle Connor - PK : Jesper Fast
Extra Defensemen
Normal : Jeff Petry, Erik Karlsson, Damon Severson - PP : Erik Karlsson - PK : Joel Edmundson, Radko Gudas
Penalty Shots
Mark Scheifele, Jonathan Miller, Kyle Connor, Erik Karlsson, Brad Marchand
Custom OT Lines Forwards
Jonathan Miller, Mark Scheifele, Brad Marchand, Kyle Connor, Jordan Eberle, Andrew Copp, Alex Killorn, Jesper Fast, Nic Dowd, Joel Armia
Custom OT Lines Defensemen
Erik Karlsson, Jeff Petry, Damon Severson, Ilya Lyubushkin, Radko Gudas

Scratches
None


% Time on Ice - KANSAS CITY KILLERBEES

Lines # - Real PCT - Wanted PCT - Time Play
Normal Forward
1 - 32% - 36% - 14:07
2 - 30% - 31% - 13:31
3 - 20% - 23% - 8:52
4 - 18% - 10% - 7:55
Normal Defense
1 - 38% - 36% - 16:47
2 - 31% - 34% - 13:49
3 - 29% - 22% - 12:53
4 - 2% - 8% - 0:56
PP Forward
1 - 51% - 55% - 1:50
2 - 49% - 45% - 1:47
PP Defense
1 - 51% - 55% - 1:50
2 - 49% - 45% - 1:47
PK Forward
1 - 64% - 55% - 7:39
2 - 36% - 45% - 4:19
PK Defense
1 - 40% - 55% - 4:47
2 - 60% - 45% - 7:11
PK3 Forward
1 - 73% - 55% - 1:01
2 - 27% - 45% - 0:22
PK3 Defense
1 - 66% - 55% - 0:55
2 - 34% - 45% - 0:28
44 Forward
1 - 0% - 55%
2 - 0% - 45%
44 Defense
1 - 0% - 55%
2 - 0% - 45%
Last Minute Offensive  - 0:00
Last Minute Defensive  - 0:00
Total
Forward - 61:23
Defense - 61:23

% Time on Ice - PHOENIX MUSTANGS

Lines # - Real PCT - Wanted PCT - Time Play
Normal Forward
1 - 33% - 33% - 14:27
2 - 31% - 32% - 13:58
3 - 27% - 25% - 12:10
4 - 9% - 10% - 3:50
Normal Defense
1 - 39% - 42% - 17:08
2 - 35% - 35% - 15:30
3 - 27% - 23% - 11:47
4 - 0% - 0% - 0:00
PP Forward
1 - 57% - 55% - 6:51
2 - 43% - 45% - 5:07
PP Defense
1 - 59% - 65% - 7:04
2 - 41% - 35% - 4:54
PK Forward
1 - 54% - 50% - 1:58
2 - 46% - 50% - 1:39
PK Defense
1 - 48% - 55% - 1:44
2 - 52% - 45% - 1:53
PK3 Forward
1 - 0% - 60%
2 - 0% - 40%
PK3 Defense
1 - 0% - 50%
2 - 0% - 50%
44 Forward
1 - 81% - 50% - 1:07
2 - 19% - 50% - 0:16
44 Defense
1 - 81% - 50% - 1:07
2 - 19% - 50% - 0:16
Last Minute Offensive  - 0:00
Last Minute Defensive  - 0:00
Total
Forward - 61:23
Defense - 61:23

Play-by-Play

1st period


0:01 of 1st period - Mark Scheifele wins face-off versus James van Riemsdyk in neutral zone.
0:24 of 1st period - Off-side.
0:25 of 1st period - Jonathan Miller wins face-off versus Tyler Johnson in neutral zone.
0:52 of 1st period - Shot by Brad Marchand.
0:52 of 1st period - Deflect By Jonathan Miller.
0:52 of 1st period - Stopped by Ilya Samsonov without a rebound.
0:53 of 1st period - Nic Dowd wins face-off versus Morgan Barron in KANSAS CITY KILLERBEES zone.
1:08 of 1st period - Shot by Andrew Copp.
1:08 of 1st period - Stopped by Ilya Samsonov without a rebound.
1:09 of 1st period - Jaret Anderson-Dolan wins face-off versus Tyson Jost in KANSAS CITY KILLERBEES zone.
1:28 of 1st period - Shot by Mattias Ekholm.
1:28 of 1st period - Shot Misses the Net.
2:04 of 1st period - Minor Penalty to Nicolas Aube-Kubel for Tripping.
2:05 of 1st period - Mark Scheifele wins face-off versus Boone Jenner in KANSAS CITY KILLERBEES zone.
2:29 of 1st period - Icing by Brad Marchand.
2:30 of 1st period - Mark Scheifele wins face-off versus James van Riemsdyk in PHOENIX MUSTANGS zone.
3:09 of 1st period - Shot by Jonathan Miller.
3:09 of 1st period - Shot Misses the Net.
3:11 of 1st period - Shot by Jeff Petry.
3:11 of 1st period - Deflect By Alex Killorn.
3:11 of 1st period - Stopped by Ilya Samsonov without a rebound.
3:12 of 1st period - Jonathan Miller wins face-off versus James van Riemsdyk in KANSAS CITY KILLERBEES zone.
3:13 of 1st period - Shot by Erik Karlsson.
3:13 of 1st period - Stopped by Ilya Samsonov with a rebound.
3:15 of 1st period - Shot by Jeff Petry.
3:15 of 1st period - Shot Hit the Post.
3:17 of 1st period - Shot by Jordan Eberle.
3:17 of 1st period - Shot Misses the Net.
3:19 of 1st period - Shot by Alex Killorn.
3:19 of 1st period - Shot Misses the Net.
3:21 of 1st period - Shot by Jeff Petry.
3:21 of 1st period - Shot Misses the Net.
3:45 of 1st period - Shot by Jonathan Miller.
3:45 of 1st period - Deflect By Jordan Eberle.
3:45 of 1st period - Shot Misses the Net.
3:47 of 1st period - Shot by Jordan Eberle.
3:47 of 1st period - Stopped by Ilya Samsonov without a rebound.
3:48 of 1st period - Mark Scheifele wins face-off versus James van Riemsdyk in KANSAS CITY KILLERBEES zone.
4:10 of 1st period - Mark Scheifele is hit by Daniel Walcott and loses puck.
4:27 of 1st period - Off-side.
4:28 of 1st period - Jonathan Miller wins face-off versus Boone Jenner in neutral zone.
4:31 of 1st period - Shot by Brad Marchand.
4:31 of 1st period - Stopped by Ilya Samsonov without a rebound.
4:32 of 1st period - Boone Jenner wins face-off versus Mark Scheifele in KANSAS CITY KILLERBEES zone.
4:32 of 1st period - Boone Jenner is hit by Kyle Connor.
4:35 of 1st period - K'Andre Miller is hit by Kyle Connor and loses puck.
4:45 of 1st period - Icing by Mattias Ekholm.
4:46 of 1st period - Jonathan Miller wins face-off versus Boone Jenner in KANSAS CITY KILLERBEES zone.
5:04 of 1st period - Icing by Jeff Petry.
5:05 of 1st period - Tyler Johnson wins face-off versus Jonathan Miller in PHOENIX MUSTANGS zone.
5:14 of 1st period - Shot by Alexis Lafreniere.
5:14 of 1st period - Shot Blocked by Jeff Petry.
5:21 of 1st period - Jonathan Miller is hit by Jacob Muzzin and loses puck.
5:36 of 1st period - Shot by Brad Marchand.
5:36 of 1st period - Shot Misses the Net.
6:31 of 1st period - James van Riemsdyk is hit by Radko Gudas and loses puck.
7:27 of 1st period - Shot by Nic Dowd.
7:27 of 1st period - Shot Blocked by Riley Stillman.
7:29 of 1st period - Shot by Jesper Fast.
7:29 of 1st period - Stopped by Ilya Samsonov without a rebound.
7:30 of 1st period - Tyson Jost wins face-off versus Nicholas Paul in KANSAS CITY KILLERBEES zone.
7:30 of 1st period - Joel Armia is hit by Jacob Muzzin and loses puck.
7:33 of 1st period - Shot by Alex Barre-Boulet.
7:33 of 1st period - Shot Misses the Net.
7:35 of 1st period - Shot by Tyson Jost.
7:35 of 1st period - Shot Misses the Net.
7:52 of 1st period - Minor Penalty to Joel Armia for Hooking.
7:53 of 1st period - Andrew Copp wins face-off versus Jakub Voracek in PHOENIX MUSTANGS zone.
8:23 of 1st period - Icing by Philipp Kurashev.
8:24 of 1st period - Philipp Kurashev wins face-off versus Andrew Copp in KANSAS CITY KILLERBEES zone.
8:57 of 1st period - Shot by K'Andre Miller.
8:57 of 1st period - Stopped by Petr Mrazek without a rebound.
8:58 of 1st period - Jonathan Miller wins face-off versus Boone Jenner in PHOENIX MUSTANGS zone.
9:04 of 1st period - Icing by Mattias Ekholm.
9:05 of 1st period - Boone Jenner wins face-off versus Jonathan Miller in KANSAS CITY KILLERBEES zone.
9:25 of 1st period - Shot by Boone Jenner.
9:25 of 1st period - Stopped by Petr Mrazek without a rebound.
9:26 of 1st period - Jakub Voracek wins face-off versus Andrew Copp in PHOENIX MUSTANGS zone.
9:26 of 1st period - Jakub Voracek is hit by Jeff Petry.
10:22 of 1st period - Shot by Mark Scheifele.
10:22 of 1st period - Shot Misses the Net.
10:31 of 1st period - Icing by Riley Stillman.
10:32 of 1st period - Jesper Fast wins face-off versus Jaret Anderson-Dolan in KANSAS CITY KILLERBEES zone.
10:56 of 1st period - Off-side.
10:57 of 1st period - Nicholas Paul wins face-off versus Jonathan Miller in neutral zone.
11:05 of 1st period - Jonathan Miller is hit by Alexis Lafreniere and loses puck.
11:09 of 1st period - Minor Penalty to Alexis Lafreniere for Hooking.
11:10 of 1st period - Boone Jenner wins face-off versus Mark Scheifele in KANSAS CITY KILLERBEES zone.
11:29 of 1st period - Shot by Erik Karlsson.
11:29 of 1st period - Shot Blocked by Sean Walker.
11:31 of 1st period - Shot by Jeff Petry.
11:31 of 1st period - Shot Misses the Net.
11:33 of 1st period - Shot by Jeff Petry.
11:33 of 1st period - Shot Misses the Net.
11:35 of 1st period - Shot by Mark Scheifele.
11:35 of 1st period - Deflect By Brad Marchand.
11:35 of 1st period - Goal by Brad Marchand - KANSAS CITY KILLERBEES : 0 - PHOENIX MUSTANGS : 1.
11:36 of 1st period - Nic Dowd wins face-off versus Tyler Johnson in neutral zone.
11:41 of 1st period - Shot by Damon Severson.
11:41 of 1st period - Stopped by Ilya Samsonov without a rebound.
11:42 of 1st period - Tyler Johnson wins face-off versus Nic Dowd in KANSAS CITY KILLERBEES zone.
11:47 of 1st period - Tyler Johnson is hit by Nic Dowd and loses puck.
14:39 of 1st period - Shot by Tyson Jost.
14:39 of 1st period - Stopped by Ilya Samsonov without a rebound.
14:40 of 1st period - Morgan Barron wins face-off versus Nic Dowd in KANSAS CITY KILLERBEES zone.
14:53 of 1st period - Shot by Erik Karlsson.
14:53 of 1st period - Shot Blocked by Riley Stillman.
15:05 of 1st period - Shot by Andrew Copp.
15:05 of 1st period - Shot Misses the Net.
16:03 of 1st period - Off-side.
16:04 of 1st period - Jonathan Miller wins face-off versus Jaret Anderson-Dolan in neutral zone.
16:17 of 1st period - Shot by Anders Bjork.
16:17 of 1st period - Shot Blocked by Jonathan Miller.
16:42 of 1st period - Off-side.
16:43 of 1st period - Mark Scheifele wins face-off versus Tyler Johnson in neutral zone.
16:43 of 1st period - Mark Scheifele is hit by Nicholas Paul.
17:31 of 1st period - Icing by Riley Stillman.
17:32 of 1st period - Jonathan Miller wins face-off versus Tyler Johnson in KANSAS CITY KILLERBEES zone.
17:32 of 1st period - Jonathan Miller is hit by Riley Stillman.
19:29 of 1st period - Off-side.
19:30 of 1st period - Jaret Anderson-Dolan wins face-off versus Nic Dowd in neutral zone.
19:50 of 1st period - Shot by Jesper Fast.
19:50 of 1st period - Stopped by Ilya Samsonov without a rebound.
19:51 of 1st period - Mark Scheifele wins face-off versus Tyler Johnson in KANSAS CITY KILLERBEES zone.
19:56 of 1st period - Shot by Mark Scheifele.
19:56 of 1st period - Stopped by Ilya Samsonov without a rebound.
19:57 of 1st period - Boone Jenner wins face-off versus Mark Scheifele in KANSAS CITY KILLERBEES zone.
19:57 of 1st period - Boone Jenner is hit by Kyle Connor.
Goals for this period are 0 for KANSAS CITY KILLERBEES vs 1 for PHOENIX MUSTANGS.
Shots for this period are 2 for KANSAS CITY KILLERBEES vs 12 for PHOENIX MUSTANGS.

2nd period


0:01 of 2nd period - Boone Jenner wins face-off versus Mark Scheifele in neutral zone.
0:18 of 2nd period - Shot by James van Riemsdyk.
0:18 of 2nd period - Stopped by Petr Mrazek without a rebound.
0:19 of 2nd period - Nic Dowd wins face-off versus Morgan Barron in PHOENIX MUSTANGS zone.
1:34 of 2nd period - Shot by Philipp Kurashev.
1:34 of 2nd period - Shot Misses the Net.
1:41 of 2nd period - Philipp Kurashev is hit by Ilya Lyubushkin and loses puck.
3:01 of 2nd period - Icing by Radko Gudas.
3:02 of 2nd period - Jonathan Miller wins face-off versus Morgan Barron in PHOENIX MUSTANGS zone.
3:20 of 2nd period - Icing by Jonathan Miller.
3:21 of 2nd period - Boone Jenner wins face-off versus Jonathan Miller in PHOENIX MUSTANGS zone.
3:46 of 2nd period - Shot by Jonathan Miller.
3:46 of 2nd period - Stopped by Ilya Samsonov with a rebound.
3:48 of 2nd period - Shot by Jonathan Miller.
3:48 of 2nd period - Shot Misses the Net.
4:46 of 2nd period - Shot by Jordan Eberle.
4:46 of 2nd period - Stopped by Ilya Samsonov with a rebound.
5:10 of 2nd period - Shot by Alex Barre-Boulet.
5:10 of 2nd period - Stopped by Ilya Samsonov with a rebound.
5:31 of 2nd period - Off-side.
5:32 of 2nd period - Nic Dowd wins face-off versus Morgan Barron in neutral zone.
5:32 of 2nd period - Nic Dowd is hit by Zach Aston-Reese.
6:19 of 2nd period - Morgan Barron is hit by Jonathan Miller and loses puck.
7:50 of 2nd period - Shot by Mark Scheifele.
7:50 of 2nd period - Shot Misses the Net.
7:59 of 2nd period - Off-side.
8:00 of 2nd period - Boone Jenner wins face-off versus Nic Dowd in neutral zone.
8:15 of 2nd period - Icing by Boone Jenner.
8:16 of 2nd period - Jonathan Miller wins face-off versus Boone Jenner in KANSAS CITY KILLERBEES zone.
8:44 of 2nd period - Shot by Boone Jenner.
8:44 of 2nd period - Shot Misses the Net.
8:52 of 2nd period - Icing by Jonathan Miller.
8:53 of 2nd period - Tyler Johnson wins face-off versus Jonathan Miller in PHOENIX MUSTANGS zone.
9:11 of 2nd period - Shot by Nicholas Paul.
9:11 of 2nd period - Stopped by Petr Mrazek without a rebound.
9:12 of 2nd period - Mark Scheifele wins face-off versus Morgan Barron in PHOENIX MUSTANGS zone.
9:54 of 2nd period - Shot by Kyle Connor.
9:54 of 2nd period - Shot Misses the Net.
9:56 of 2nd period - Shot by Damon Severson.
9:56 of 2nd period - Shot Misses the Net.
10:07 of 2nd period - Minor Penalty to Nic Dowd for Interference.
10:08 of 2nd period - Andrew Copp wins face-off versus Boone Jenner in PHOENIX MUSTANGS zone.
10:08 of 2nd period - Andrew Copp is hit by Alexis Lafreniere.
10:51 of 2nd period - Icing by K'Andre Miller.
10:52 of 2nd period - Boone Jenner wins face-off versus Andrew Copp in KANSAS CITY KILLERBEES zone.
11:01 of 2nd period - Shot by Boone Jenner.
11:01 of 2nd period - Stopped by Petr Mrazek with a rebound.
11:41 of 2nd period - Shot by Nicholas Paul.
11:41 of 2nd period - Shot Misses the Net.
11:43 of 2nd period - Shot by Nicholas Paul.
11:43 of 2nd period - Deflect By Philipp Kurashev.
11:43 of 2nd period - Shot Misses the Net.
11:45 of 2nd period - Shot by Philipp Kurashev.
11:45 of 2nd period - Goal by Philipp Kurashev - KANSAS CITY KILLERBEES : 1 - PHOENIX MUSTANGS : 1.
11:46 of 2nd period - Jaret Anderson-Dolan wins face-off versus Mark Scheifele in neutral zone.
12:05 of 2nd period - Shot by Mark Scheifele.
12:05 of 2nd period - Stopped by Ilya Samsonov without a rebound.
12:06 of 2nd period - Nic Dowd wins face-off versus Boone Jenner in KANSAS CITY KILLERBEES zone.
12:23 of 2nd period - Shot by Andrew Copp.
12:23 of 2nd period - Shot Misses the Net.
12:46 of 2nd period - Shot by Philipp Kurashev.
12:46 of 2nd period - Stopped by Petr Mrazek without a rebound.
12:47 of 2nd period - Tyler Johnson wins face-off versus Mark Scheifele in PHOENIX MUSTANGS zone.
12:49 of 2nd period - Major / Game Misconduct Penalty to Alexis Lafreniere for Butt-ending.
12:49 of 2nd period - Alexis Lafreniere is ejected from game.
12:50 of 2nd period - Mark Scheifele wins face-off versus Boone Jenner in KANSAS CITY KILLERBEES zone.
13:15 of 2nd period - Shot by Brad Marchand.
13:15 of 2nd period - Stopped by Ilya Samsonov with a rebound.
13:17 of 2nd period - Shot by Erik Karlsson.
13:17 of 2nd period - Stopped by Ilya Samsonov with a rebound.
13:19 of 2nd period - Shot by Erik Karlsson.
13:19 of 2nd period - Stopped by Ilya Samsonov with a rebound.
13:21 of 2nd period - Shot by Brad Marchand.
13:21 of 2nd period - Shot Misses the Net.
13:23 of 2nd period - Shot by Erik Karlsson.
13:23 of 2nd period - Shot Misses the Net.
13:25 of 2nd period - Shot by Mark Scheifele.
13:25 of 2nd period - Shot Misses the Net.
13:27 of 2nd period - Shot by Jeff Petry.
13:27 of 2nd period - Shot Misses the Net.
13:29 of 2nd period - Shot by Kyle Connor.
13:29 of 2nd period - Stopped by Ilya Samsonov without a rebound.
13:30 of 2nd period - James van Riemsdyk wins face-off versus Jonathan Miller in KANSAS CITY KILLERBEES zone.
13:47 of 2nd period - Shot by Alex Killorn.
13:47 of 2nd period - Stopped by Ilya Samsonov with a rebound.
14:36 of 2nd period - Shot by Mark Scheifele.
14:36 of 2nd period - Stopped by Ilya Samsonov without a rebound.
14:37 of 2nd period - Boone Jenner wins face-off versus Brad Marchand in KANSAS CITY KILLERBEES zone.
15:05 of 2nd period - Shot by Mark Scheifele.
15:05 of 2nd period - Stopped by Ilya Samsonov without a rebound.
15:06 of 2nd period - Boone Jenner wins face-off versus Jonathan Miller in KANSAS CITY KILLERBEES zone.
16:26 of 2nd period - Off-side.
16:27 of 2nd period - Jonathan Miller wins face-off versus James van Riemsdyk in neutral zone.
16:30 of 2nd period - Shot by Erik Karlsson.
16:30 of 2nd period - Shot Misses the Net.
16:32 of 2nd period - Shot by Jeff Petry.
16:32 of 2nd period - Stopped by Ilya Samsonov with a rebound.
16:34 of 2nd period - Shot by Erik Karlsson.
16:34 of 2nd period - Stopped by Ilya Samsonov without a rebound.
16:35 of 2nd period - James van Riemsdyk wins face-off versus Mark Scheifele in KANSAS CITY KILLERBEES zone.
16:41 of 2nd period - Icing by Brad Marchand.
16:42 of 2nd period - Mark Scheifele wins face-off versus James van Riemsdyk in PHOENIX MUSTANGS zone.
18:04 of 2nd period - Icing by Riley Stillman.
18:05 of 2nd period - Tyson Jost wins face-off versus Morgan Barron in KANSAS CITY KILLERBEES zone.
Goals for this period are 1 for KANSAS CITY KILLERBEES vs 0 for PHOENIX MUSTANGS.
Shots for this period are 5 for KANSAS CITY KILLERBEES vs 13 for PHOENIX MUSTANGS.

3rd period


0:01 of 3rd period - Boone Jenner wins face-off versus Jonathan Miller in neutral zone.
0:13 of 3rd period - Brad Marchand is hit by Jacob Muzzin and loses puck.
1:11 of 3rd period - Icing by Erik Karlsson.
1:12 of 3rd period - Jonathan Miller wins face-off versus Jaret Anderson-Dolan in PHOENIX MUSTANGS zone.
1:43 of 3rd period - Shot by Mark Scheifele.
1:43 of 3rd period - Stopped by Ilya Samsonov with a rebound.
1:45 of 3rd period - Shot by Kyle Connor.
1:45 of 3rd period - Deflect By Mark Scheifele.
1:45 of 3rd period - Stopped by Ilya Samsonov without a rebound.
1:46 of 3rd period - Nic Dowd wins face-off versus Tyler Johnson in KANSAS CITY KILLERBEES zone.
1:52 of 3rd period - Andrew Copp is hit by K'Andre Miller and loses puck.
3:11 of 3rd period - Shot by Mark Scheifele.
3:11 of 3rd period - Shot Blocked by Philipp Kurashev.
4:24 of 3rd period - Shot by Brad Marchand.
4:24 of 3rd period - Stopped by Ilya Samsonov without a rebound.
4:25 of 3rd period - Jakub Voracek wins face-off versus Tyson Jost in KANSAS CITY KILLERBEES zone.
4:32 of 3rd period - Shot by Nicholas Paul.
4:32 of 3rd period - Shot Hit the Post.
4:34 of 3rd period - Shot by K'Andre Miller.
4:34 of 3rd period - Stopped by Petr Mrazek without a rebound.
4:35 of 3rd period - Mark Scheifele wins face-off versus Boone Jenner in PHOENIX MUSTANGS zone.
5:02 of 3rd period - Shot by James van Riemsdyk.
5:02 of 3rd period - Deflect By Boone Jenner.
5:02 of 3rd period - Stopped by Petr Mrazek without a rebound.
5:03 of 3rd period - Jonathan Miller wins face-off versus Tyler Johnson in PHOENIX MUSTANGS zone.
5:20 of 3rd period - Shot by Tyler Johnson.
5:20 of 3rd period - Stopped by Petr Mrazek with a rebound.
5:22 of 3rd period - Shot by Nicholas Paul.
5:22 of 3rd period - Stopped by Petr Mrazek without a rebound.
5:23 of 3rd period - Mark Scheifele wins face-off versus Boone Jenner in PHOENIX MUSTANGS zone.
5:48 of 3rd period - Shot by Boone Jenner.
5:48 of 3rd period - Shot Blocked by Joel Edmundson.
5:55 of 3rd period - Minor Penalty to Philipp Kurashev for Hooking.
5:56 of 3rd period - Jonathan Miller wins face-off versus Boone Jenner in KANSAS CITY KILLERBEES zone.
6:05 of 3rd period - Shot by Jordan Eberle.
6:05 of 3rd period - Shot Blocked by Sean Walker.
6:07 of 3rd period - Shot by Erik Karlsson.
6:07 of 3rd period - Stopped by Ilya Samsonov with a rebound.
6:09 of 3rd period - Shot by Jeff Petry.
6:09 of 3rd period - Stopped by Ilya Samsonov without a rebound.
6:10 of 3rd period - Boone Jenner wins face-off versus Brad Marchand in KANSAS CITY KILLERBEES zone.
8:11 of 3rd period - Off-side.
8:12 of 3rd period - Morgan Barron wins face-off versus Tyson Jost in neutral zone.
8:51 of 3rd period - Icing by K'Andre Miller.
8:52 of 3rd period - Morgan Barron wins face-off versus Mark Scheifele in KANSAS CITY KILLERBEES zone.
10:04 of 3rd period - Shot by Brad Marchand.
10:04 of 3rd period - Shot Blocked by Riley Stillman.
10:06 of 3rd period - Shot by Joel Edmundson.
10:06 of 3rd period - Shot Blocked by Tyler Johnson.
10:08 of 3rd period - Shot by Jonathan Miller.
10:08 of 3rd period - Shot Blocked by Nicholas Paul.
10:34 of 3rd period - Shot by Alex Killorn.
10:34 of 3rd period - Shot Blocked by Jacob Muzzin.
10:36 of 3rd period - Shot by Brad Marchand.
10:36 of 3rd period - Shot Blocked by Jacob Muzzin.
10:44 of 3rd period - Shot by Alex Killorn.
10:44 of 3rd period - Stopped by Ilya Samsonov without a rebound.
10:45 of 3rd period - Nic Dowd wins face-off versus Morgan Barron in KANSAS CITY KILLERBEES zone.
10:45 of 3rd period - Andrew Copp is hit by K'Andre Miller and loses puck.
10:49 of 3rd period - Icing by Mattias Ekholm.
10:50 of 3rd period - Nic Dowd wins face-off versus Morgan Barron in KANSAS CITY KILLERBEES zone.
10:50 of 3rd period - Jesper Fast is hit by K'Andre Miller and loses puck.
10:53 of 3rd period - Shot by Nic Dowd.
10:53 of 3rd period - Stopped by Ilya Samsonov without a rebound.
10:54 of 3rd period - Boone Jenner wins face-off versus Andrew Copp in KANSAS CITY KILLERBEES zone.
11:16 of 3rd period - Shot by Philipp Kurashev.
11:16 of 3rd period - Stopped by Petr Mrazek with a rebound.
11:18 of 3rd period - Shot by Philipp Kurashev.
11:18 of 3rd period - Deflect By Boone Jenner.
11:18 of 3rd period - Shot Misses the Net.
11:20 of 3rd period - Shot by James van Riemsdyk.
11:20 of 3rd period - Stopped by Petr Mrazek without a rebound.
11:21 of 3rd period - Brad Marchand wins face-off versus Morgan Barron in PHOENIX MUSTANGS zone.
11:23 of 3rd period - Erik Karlsson is hit by Zach Aston-Reese and loses puck.
11:50 of 3rd period - Shot by Morgan Barron.
11:50 of 3rd period - Shot Misses the Net.
11:54 of 3rd period - Shot by Zach Aston-Reese.
11:54 of 3rd period - Shot Misses the Net.
11:56 of 3rd period - Shot by Morgan Barron.
11:56 of 3rd period - Shot Misses the Net.
12:53 of 3rd period - Boone Jenner is hit by Radko Gudas and loses puck.
14:01 of 3rd period - Icing by Ilya Lyubushkin.
14:02 of 3rd period - Nic Dowd wins face-off versus Anders Bjork in PHOENIX MUSTANGS zone.
14:20 of 3rd period - Icing by Brad Marchand.
14:21 of 3rd period - Jonathan Miller wins face-off versus Tyler Johnson in PHOENIX MUSTANGS zone.
14:54 of 3rd period - Shot by Jonathan Miller.
14:54 of 3rd period - Stopped by Ilya Samsonov with a rebound.
15:47 of 3rd period - Shot by Jordan Eberle.
15:47 of 3rd period - Stopped by Ilya Samsonov with a rebound.
16:39 of 3rd period - Andrew Copp is hit by Sean Walker and loses puck.
16:46 of 3rd period - Shot by Andrew Copp.
16:46 of 3rd period - Shot Blocked by Sean Walker.
16:47 of 3rd period - Minor Penalty to Jacob Muzzin for Roughing.
16:48 of 3rd period - Jonathan Miller wins face-off versus Boone Jenner in KANSAS CITY KILLERBEES zone.
16:51 of 3rd period - Shot by Jonathan Miller.
16:51 of 3rd period - Stopped by Ilya Samsonov without a rebound.
16:52 of 3rd period - Boone Jenner wins face-off versus Kyle Connor in KANSAS CITY KILLERBEES zone.
17:04 of 3rd period - Off-side.
17:05 of 3rd period - Jonathan Miller wins face-off versus Boone Jenner in neutral zone.
18:59 of 3rd period - Erik Karlsson is hit by Jacob Muzzin and loses puck.
19:08 of 3rd period - Shot by Nic Dowd.
19:08 of 3rd period - Shot Misses the Net.
19:10 of 3rd period - Shot by Andrew Copp.
19:10 of 3rd period - Shot Misses the Net.
19:12 of 3rd period - Shot by Andrew Copp.
19:12 of 3rd period - Shot Blocked by Sean Walker.
19:23 of 3rd period - Minor Penalty to Jacob Muzzin for Holding.
19:24 of 3rd period - James van Riemsdyk wins face-off versus Jonathan Miller in KANSAS CITY KILLERBEES zone.
19:30 of 3rd period - Icing by Damon Severson.
19:31 of 3rd period - Jonathan Miller wins face-off versus James van Riemsdyk in PHOENIX MUSTANGS zone.
19:52 of 3rd period - Shot by Alex Killorn.
19:52 of 3rd period - Stopped by Ilya Samsonov without a rebound.
19:53 of 3rd period - Mark Scheifele wins face-off versus Philipp Kurashev in KANSAS CITY KILLERBEES zone.
Goals for this period are 0 for KANSAS CITY KILLERBEES vs 0 for PHOENIX MUSTANGS.
Shots for this period are 6 for KANSAS CITY KILLERBEES vs 11 for PHOENIX MUSTANGS.

Overtime #1


0:01 of 1st overtime period - Mark Scheifele wins face-off versus Boone Jenner in neutral zone.
0:26 of 1st overtime period - Shot by Mark Scheifele.
0:26 of 1st overtime period - Shot Misses the Net.
1:24 of 1st overtime period - Shot by Jonathan Miller.
1:24 of 1st overtime period - Shot Misses the Net.
1:26 of 1st overtime period - Shot by Ilya Lyubushkin.
1:26 of 1st overtime period - Shot Blocked by Jacob Muzzin.
1:28 of 1st overtime period - Shot by Ilya Lyubushkin.
1:28 of 1st overtime period - Deflect By Jonathan Miller.
1:28 of 1st overtime period - Shot Misses the Net.
1:30 of 1st overtime period - Shot by Ilya Lyubushkin.
1:30 of 1st overtime period - Shot Misses the Net.
1:32 of 1st overtime period - Shot by Brad Marchand.
1:32 of 1st overtime period - Shot Blocked by James van Riemsdyk.
1:34 of 1st overtime period - Shot by Ilya Lyubushkin.
1:34 of 1st overtime period - Stopped by Ilya Samsonov without a rebound.
1:35 of 1st overtime period - Jonathan Miller wins face-off versus James van Riemsdyk in KANSAS CITY KILLERBEES zone.
3:07 of 1st overtime period - Shot by Boone Jenner.
3:07 of 1st overtime period - Shot Misses the Net.
3:09 of 1st overtime period - Shot by Boone Jenner.
3:09 of 1st overtime period - Goal by Boone Jenner - KANSAS CITY KILLERBEES : 2 - PHOENIX MUSTANGS : 1.
Goals for this period are 1 for KANSAS CITY KILLERBEES vs 0 for PHOENIX MUSTANGS.
Shots for this period are 1 for KANSAS CITY KILLERBEES vs 1 for PHOENIX MUSTANGS.


BLAKE
WHEELER
STEVEN
STAMKOS
DREW
DOUGHTY

EAST COAST

HOCKEY LEAGUE

  • 63.RHI2PIT5
  • 64.WOR4ATL3
  • 65.QUECHW
  • 66.CHATRV